 Dungeon Crawl Stone Soup version 0.27.0-1-g7a089689b8 (webtiles) character file.

Game seed: 6117698938869108279

134 Lochraine the Firebug (level 5, -4/28 HPs)
             Began as a Kobold Fire Elementalist on Aug 12, 2021.
             Was a Believer of Jiyva.
             Slain by Crazy Yiuf (8 damage)
             ... on level 3 of the Dungeon.
             The game lasted 00:07:10 (4605 turns).

Lochraine the Firebug (Kobold Fire Elementalist)    Turns: 4605, Time: 00:07:11

Health: -4/28      AC:  3    Str:  7    XL:     5   Next: 40%
Magic:  6/9        EV: 14    Int: 19    God:    Jiyva [**....]
Gold:   83         SH:  0    Dex: 12    Spells: 6/10 levels left

rFire    . . .     SeeInvis .   b - +0 dagger
rCold    . . .     Faith    .   (shield restricted)
rNeg     . . .     Spirit   .   a - +0 robe
rPois    .         Reflect  .   i - +1 hat
rElec    .         Harm     .   (no cloak)
rCorr    .         Rampage  .   (no gloves)
Will     .....                  (no boots)
Stlth    +++.......             (no amulet)
HPRegen  0.09/turn              (no ring)
MPRegen  0.11/turn              (no ring)

@: no status effects
A: small, no large weapons, nightstalker 3
a: Renounce Religion, Request Jelly


You were on level 3 of the Dungeon.
You worshipped Jiyva.
Jiyva was pleased with you.
You visited 1 branch of the dungeon, and saw 3 of its levels.

You collected 83 gold pieces.

Inventory:

Hand Weapons
 b - a +0 dagger (weapon)
   (You took it off a goblin on level 1 of the Dungeon)
Armour
 a - a +0 robe (worn)
 i - a +1 hat (worn)
   (You found it on level 2 of the Dungeon)
Scrolls
 d - 2 scrolls of magic mapping {unknown}
 e - a scroll of identify {unknown}
 h - a scroll of fog {unknown}
 k - a scroll of immolation {unknown}
Potions
 c - a potion of degeneration {unknown}
 f - a potion of resistance {unknown}
 g - 3 potions of cancellation {unknown}
 j - a potion of lignification {unknown}


   Skills:
 + Level 1.8 Short Blades
 - Level 2.4 Dodging
 + Level 3.8 Stealth
 + Level 3.1 Spellcasting
 + Level 2.3 Conjurations
 + Level 3.8 Fire Magic


You had 6 spell levels left.
You knew the following spells:

 Your Spells              Type           Power      Damage    Failure   Level
a - Foxfire               Conj/Fire      56%        2x1d6     4%          1
d - Conjure Flame         Conj/Fire      14%        6-21      13%         3

Your spell library contained the following spells:

 Spells                   Type           Power      Damage    Failure   Level
 Inner Flame              Hex/Fire       10%        N/A       21%         3
 Sticky Flame             Conj/Fire      14%        2d4       38%         4
 Fireball                 Conj/Fire      7%         3d5       75%         5


Dungeon Overview and Level Annotations

Branches:
Dungeon (3/15)

Altars:
Jiyva

Shops:
D:3 (

Annotations:
D:3 1 runed translucent door, Crazy Yiuf


Innate Abilities, Weirdness & Mutations

You are small and have problems with some larger weapons.
You are completely attuned to the shadows.


Message History

You conjure some foxfire!
The jackal barely misses you.
The foxfire hits the jackal. x2
You kill the jackal!
You see here a hound skeleton.
You hear a distant slurping noise.
You hear a distant slurping noise.
You now have 83 gold pieces (gained 5).
You see here a hound skeleton.
You see here a +0 dagger.
Found an escape hatch in the floor.
You swap places.
You swap places.
You hear a series of splatters.
You swap places.
Found an escape hatch in the ceiling.
There is an escape hatch in the ceiling here.
You swap places.
You hear a splatter.
Found Aqonoot's Weapon Shop.
There is an entrance to Aqonoot's Weapon Shop here.
You hear a distant slurping noise.
Jiyva appreciates your sacrifice.
You swap places.
Found a stone staircase leading down.
There is a stone staircase leading down here.
You swap places.
You swap places.
Found a runed translucent door.
Found a mace.
You open the door.
Crazy Yiuf shouts!
There is an open translucent door here.
You conjure some foxfire!
Crazy Yiuf completely misses you.
The foxfire hits Crazy Yiuf. x2; Crazy Yiuf closely misses you.
You conjure some foxfire!
Crazy Yiuf misses you.
The foxfire hits Crazy Yiuf but does no damage.
Crazy Yiuf barely misses you.
Crazy Yiuf grits, "Prologue!
Papa sing-song sallow."
You conjure some foxfire!
The foxfire hits Crazy Yiuf. x2
Crazy Yiuf hits you with a +2 quarterstaff of chaos!
You conjure some foxfire!
Crazy Yiuf yells, "Flower!"
Crazy Yiuf hits you with a +2 quarterstaff of chaos!
* * * LOW HITPOINT WARNING * * *
Crazy Yiuf freezes you.
* * * LOW HITPOINT WARNING * * *
The foxfire hits Crazy Yiuf but does no damage. x2
Crazy Yiuf hits you with a +2 quarterstaff of chaos!
You die...

......# #'#
#.# #####.#
♣.♣♣ #.# #
#.# ♣♣g♣ #.#
# #.# ♣.♣♣
######.# #
#.# ♣♣.♣
#......# #
#.# ♣♣.♣♣
#.###### #
#.# ♣♣.♣.♣
#.# #.#
♣.g..♣ #.#
#.# #.@..#
#.# .≈.##.#
#§...######.#
.≈.##.#
#...#.......#
.≈.##.#
#..J#.#######
#+###.#
#.#.#.#
....#.#
#.#.#.#
÷.#.#.#
#####.#.#.#
....#.#
#.<.....#.#
.)###.#
#####.#.#.#


You could see Crazy Yiuf and a neutral jelly (wandering) (fellow slime).

Vanquished Creatures
  A hound (D:3)
  2 gnolls (D:2)
  3 adders (D:2)
  A worm (D:3)
  2 dart slugs
  6 ball pythons
  An endoplasm (D:1)
  2 giant cockroaches
  6 goblins
  6 hobgoblins
  4 jackals
  6 kobolds
  4 quokkas
  3 bats
  2 frilled lizards
  5 rats
54 creatures vanquished.

Vanquished Creatures (others)
  Sigmund (D:3)
  2 jellies
  A gnoll (D:2)
  2 adders (D:2)
  3 dart slugs (D:2)
  An orc (D:3)
  A ball python (D:1)
  2 endoplasms (D:2)
  2 giant cockroaches (D:3)
  A hobgoblin (D:1)
  5 jackals
  3 kobolds (D:1)
  3 quokkas
  4 bats
  2 goblins (D:2)
  A rat (D:2)
  98 foxfires
  A fungus (D:1)
133 creatures vanquished.

Grand Total: 187 creatures vanquished

Notes
Turn   | Place    | Note
-------+----------+-------------------------------------------
     0 | D:1      | Lochraine the Kobold Fire Elementalist began the quest for
                  | the Orb.
     0 | D:1      | Reached XP level 1. HP: 10/10 MP: 3/3
   391 | D:1      | Reached XP level 2. HP: 7/15 MP: 1/5
  1007 | D:1      | Reached XP level 3. HP: 19/19 MP: 2/6
  1279 | D:1      | Found a faded altar of an unknown god.
  1297 | D:1      | Became a worshipper of Jiyva Jaev the Shapeless
  1297 | D:1      | Reached * piety under Jiyva
  2266 | D:2      | Reached XP level 4. HP: 7/24 MP: 4/8
  2470 | D:2      | Reached ** piety under Jiyva
  2681 | D:2      | Reached skill level 1 in Short Blades
  3318 | D:3      | Learned a level 3 spell: Conjure Flame
  3453 | D:3      | Reached XP level 5. HP: 17/28 MP: 6/9
  3591 | D:3      | Noticed Sigmund
  3684 | D:3      | Found a runed translucent door.
  3889 | D:3      | Killed Sigmund
  4392 | D:3      | Found Aqonoot's Weapon Shop.
  4584 | D:3      | Found a runed translucent door.
  4587 | D:3      | Noticed Crazy Yiuf
  4605 | D:3      | Slain by Crazy Yiuf

Illustrated notes

Levels and vault maps discovered:
D:1:      dpeg_cavernosity, layout_loops_corners, ebering_ecumenical_altar_mist
D:2:      minmay_razor_zed, layout_basic
D:3:      layout_basic, ebering_ghost_reflecting_pool, serial_shops,
          nicolae_shop_trees, uniq_crazy_yiuf_cottage, uniq_sigmund

Skill      XL: |  1  2  3  4 |
---------------+-------------+-----
Stealth        | 3 |  3.8
Conjurations   | 2 |  2.3
Short Blades   | 1 |  1.8
Spellcasting   | 3 |  3.1
Dodging        | |  2.4
Fire Magic     | |  3.8

Action                   |  1- 3 |  4- 6 || total
-------------------------+-------+-------++-------
Melee: Dagger            |    57 |    48 ||   105
       Unarmed           |     1 |       ||     1
 Cast: Foxfire           |    23 |    29 ||    52
 Stab: Sleeping          |    11 |     7 ||    18
Armor: Robe              |     5 |    21 ||    26
Dodge: Dodged            |    62 |    58 ||   120
